 Dungeon Crawl Stone Soup version 0.31-a0-507-gbafd7f5274 (webtiles) character file.

Game seed: 7076328003671571158

28714 night the Grappler (level 13, -1/106 HPs)
             Began as a Demonspawn Shapeshifter on Aug 9, 2023.
             Was an Elder of Lugonu.
             Succumbed to a cane toad's poison
             ... on level 3 of the Lair of Beasts.
             The game lasted 00:36:53 (13691 turns).

night the Grappler (Demonspawn Shapeshifter)       Turns: 13691, Time: 00:36:53

Health: -1/106     AC: 14    Str: 17    XL:     13   Next: 11%
Magic:  20/20      EV: 13    Int: 18    God:    Lugonu [****..]
Gold:   1069       SH:  0    Dex: 14    Spells: 12/12 levels left

rFire   . .          .
                       - Unarmed
rCold   + . .        (shield currently unavailable)
rNeg    . . .        D - +2 leather armour {rC+}
rPois   .            T - +2 helmet of Wit Zamun {Int+5}
rElec   .            B - +0 cloak {Stlth+}
rCorr   .            V - +1 pair of gloves
SInv    .            (no boots)
Will    .....        v - amulet of regeneration
Stlth   +            (no ring)
HPRegen 1.17/turn    (no ring)
MPRegen 0.34/turn

%: no passive effects
@: lethally poisoned (-1 -> -33), flux-form, glowing, studying 2 skills
A: glow, contaminating, rugged brown scales 2, spiny 1, magic regeneration,
weakness stinger 2
a: Begin Untransformation, Renounce Religion, Depart the Abyss, Banish, Corrupt


You were on level 3 of the Lair of Beasts.
You worshipped Lugonu.
Lugonu was greatly pleased with you.
You were something dangerously unstable.
You visited 3 branches of the dungeon, and saw 14 of its levels.
You visited the Abyss 1 time.
You also visited: Sewer and Ice Cave.

You collected 1069 gold pieces.

Inventory:

Hand Weapons
 M - a +3 antimagic sling
 Q - a +3 spear of distortion
Missiles
 g - 15 javelins
 h - 61 poisoned darts
 r - 162 stones
 y - 4 throwing nets
 K - 5 curare-tipped darts
Armour
 B - a +0 cloak of stealth (worn)
 C - a +2 buckler of protection
 D - a +2 leather armour of cold resistance (worn)
 N - a +2 ring mail of poison resistance
 P - a +0 tower shield
 R - +0 steam dragon scales
 T - the +2 helmet of Wit Zamun (worn) {Int+5}
   (You acquired it on level 1 of the Lair of Beasts)

   Int+5:     It affects your intelligence (+5).
 V - a +1 pair of gloves (worn)
Jewellery
 v - an amulet of regeneration (around neck)
 J - a ring of fire
Talismans
 c - a beast talisman
 d - a flux talisman (active)
Wands
 w - a wand of iceblast (4)
 E - a wand of paralysis (30)
 G - a wand of flame (6)
 H - a wand of polymorph (17)
 L - a wand of mindburst (9)
Scrolls
 a - 5 scrolls of teleportation
 e - 2 scrolls of amnesia
 k - 2 scrolls of noise
 m - 7 scrolls of fog
 q - 4 scrolls of immolation
 s - 2 scrolls of fear
 t - 2 scrolls of enchant weapon
 x - 3 scrolls of enchant armour
 U - a scroll of blinking
 W - a scroll of silence
Potions
 b - 2 potions of lignification
 f - a potion of enlightenment {unknown}
 i - a potion of resistance {unknown}
 j - a potion of cancellation {unknown}
 l - 2 potions of mutation {unknown}
 n - 4 potions of heal wounds
 o - 2 potions of ambrosia
 p - 3 potions of degeneration
 u - 5 potions of magic
 z - a potion of might {unknown}
 A - 7 potions of curing
 F - a potion of berserk rage {unknown}
 I - 3 potions of attraction
 O - a potion of haste {unknown}
 S - a potion of invisibility {unknown}


   Skills:
 + Level 9.1 Fighting
 + Level 4.3 Armour
 + Level 4.8 Dodging
 * Level 13.6 Unarmed Combat
 - Level 10.3 Invocations
 + Level 8.5 Shapeshifting


You had 12 spell levels left.
You didn't know any spells.
Your spell library contained the following spells:

 Spells                   Type           Power      Damage    Failure   Level
 Freeze                   Ice            0%         1d3       26%         1
 Slow                     Hex            0%         N/A       26%         1
 Summon Small Mammal      Summ           0%         N/A       26%         1
 Call Canine Familiar     Summ           0%         N/A       61%         3
 Confusing Touch          Hex            0%         N/A       61%         3
 Frozen Ramparts          Ice            0%         1d1       61%         3
 Hailstorm                Conj/Ice       0%         3d3       61%         3
 Stone Arrow              Conj/Erth      0%         3d7       61%         3
 Summon Guardian Golem    Hex/Summ       0%         N/A       61%         3
 Tukima's Dance           Hex            0%         N/A       61%         3
 Vampiric Draining        Necr           0%         2d6       61%         3
 Vhi's Electric Charge    Tloc/Air       0%         N/A       61%         3
 Animate Armour           Summ/Erth      0%         N/A       95%         4
 Cause Fear               Hex            0%         N/A       95%         4
 Passage of Golubria      Tloc           0%         N/A       95%         4
 Arcjolt                  Conj/Air       0%         1d10      100%        5
 Fireball                 Conj/Fire      0%         3d3       100%        5
 Yara's Violent Unravell  Hex/Tmut       0%         3d3       100%        5
 Plasma Beam              Fire/Air       0%         2x1d10    100%        6
 Simulacrum               Ice/Necr       0%         N/A       100%        6
 Ozocubu's Refrigeration  Ice            0%         4d7       100%        7
 Lehudib's Crystal Spear  Conj/Erth      0%         10d2      100%        8
 Dragon's Call            Summ           0%         N/A       100%        9
 Polar Vortex             Ice            0%         N/A       100%        9


Dungeon Overview and Level Annotations

Branches:
Dungeon (10/15)            Temple (1/1) D:4            Lair (3/5) D:9
  Swamp (0/4) Lair:3       Spider (0/4) Lair:3          Orc (0/2) D:10
  Sewer (visited)           IceCv (visited)

Altars:
Ashenzari
Cheibriados
Dithmenos
Fedhas
Gozag
Hepliaklqana
Kikubaaqudgha
Makhleb
Nemelex Xobeh
Okawaru
Qazlal
Ru
Sif Muna
Trog
Uskayaw
Vehumet
Wu Jian
Xom
Yredelemnul

Shops:
D:10 ([

Annotations:
D:4 2 transporters, Voda's ghost, amateur GrFi


Innate Abilities, Weirdness & Mutations

You are something dangerously unstable.
You glow with magical radiation, making you easy to see and hit.
Foes you strike become dangerously contaminated with magical radiation.
You are incapable of wielding weapons or throwing items.
You are mostly covered in rugged brown scales. (AC +2, +5% HP)
You are partially covered in sharp spines.
You regenerate magic rapidly.
You have a tail ending in a sharp stinger.


Message History

The cane toad poisons you! The water moccasin misses you.
You hit the water moccasin but do no damage.
The water moccasin begins to glow.
Your tail-slap misses the water moccasin.
The water moccasin is moderately wounded.
You feel very sick.
The blink frog blinks! x2
The water moccasin bites you but does no damage.
The cane toad is struck by your spines. The cane toad barely misses you.
The blink frog blinks! x2
You punch the water moccasin!
The water moccasin glows dangerously bright.
Your tail-slap misses the water moccasin.
The water moccasin is almost dead.
You feel very sick.
The water moccasin bites you but does no damage.
The cane toad closely misses you.
You punch the water moccasin!
You kill the water moccasin!
Lugonu accepts your kill.
You feel very sick. The cane toad is struck by your spines.
The cane toad stings you!
You are more poisoned.
The cane toad poisons you!
The blink frog is struck by your spines.
The blink frog completely misses you.
The blink frog blinks!
The cane toad attacks as you move away!
The cane toad stings you but does no damage.
The blink frog attacks as you move away!
The blink frog is struck by your spines.
The blink frog barely misses you.
You feel extremely sick.
The blink frog blinks!
The blink frog is struck by your spines.
The blink frog barely misses you. The cane toad attacks as you move away!
The cane toad stings you!!
* * * LOW HITPOINT WARNING * * *
You are more poisoned.
The cane toad poisons you!
You die...

,,,*~~~~**,,,,,.........,*,****
*,,*~,>~*,,<,,,*§......##***,**
,,,*~,,~*,,,,,**#......P###*.,*
,,***,,~**,,,,*##.......#.#..,*
,,***,*~**,,,..#............,,*
,,**~,,~**,,,.......F....#***,**
****~*,~**,,,.$..F.FFF..#,**#.,*
,***~,,~**,,,.....FPP.P##**....*
,,**~*,~*♣.**#...P###B#####....*
,,**~,,~*♣..,#..P,* #...#.....#*
,,**~*,~*♣..*##.#** #........#,*
,,,**,,~♣,#.##..######......#***
,,,*~*,~♣.#.........P.......#
,,,*~,,~♣.#....#.......#...##
**.♣≈.,~♣.....#......##....##
#.♣♣..♣♣...........##......#
##..♣..♣..#....#.....†...†.##


You could see a cane toad and 5 blink frogs.

Vanquished Creatures
  A reaper (IceCv)
  3 hydras
  Erolcha (D:9)
  Sonja (Lair:3)
  A lindwurm (Lair:2)
  Pikel (D:6)
  Joseph (D:7)
  A black mamba (Lair:1)
  2 torpor snails (Lair:1)
  2 cane toads (Lair:2)
  2 ice statues (IceCv)
  2 komodo dragons (Lair:1)
  Maggie (D:6)
  6 ice devils (IceCv)
  2 rime drakes
  Psyche (D:9)
  5 anaconda simulacra (IceCv)
  A freezing wraith (IceCv)
  2 hornets
  A polar bear (Lair:2)
  A troll (D:9)
  A hellwing (Lair:1)
  10 blink frogs (Lair:3)
  Prince Ribbit (Lair:3)
  5 slime creatures (D:10)
  A shadow (D:7)
  32 yaks
  A wraith (D:9)
  2 wyverns
  A dire elephant simulacrum (IceCv)
  3 steam dragons
  3 harpy simulacra (IceCv)
  An acid dragon (D:8)
  A hydra simulacrum (IceCv)
  9 water moccasins
  2 orc warriors
  2 sky beasts
  A black bear (Lair:1)
  4 ice beasts
  2 ogres
  8 wolves
  A phantom (D:4)
  4 centaurs
  7 kobold brigands
  7 bullfrogs
  6 necrophages (Lair:3)
  4 gnoll sergeants
  2 two-headed ogre simulacra (IceCv)
  Blork the orc (D:6)
  4 scorpions
  6 wights
  5 killer bees
  4 howler monkeys
  2 electric eels (Lair:3)
  3 hounds
  Crazy Yiuf (D:3)
  5 orc priests
  3 gnoll boudas
  A jelly (D:7)
  3 sleepcaps (D:6)
  2 iguanas
  6 hell rats
  9 orc wizards
  17 adders
  25 gnolls
  2 river rats (Sewer)
  2 shadow imps
  2 white imps
  An ufetubus (D:5)
  2 worms
  4 dart slugs
  30 orcs
  11 endoplasms
  4 giant cockroaches
  12 goblins
  6 hobgoblins
  3 jackals (D:1)
  36 kobolds
  2 quokkas
  8 ball pythons
  4 bats
  4 frilled lizards (D:1)
  11 rats
400 creatures vanquished.

Vanquished Creatures (others)
  A wolf (Lair:3)
1 creature vanquished.

Grand Total: 401 creatures vanquished

Notes
Turn   | Place    | Note
-------+----------+-------------------------------------------
     0 | D:1      | night the Demonspawn Shapeshifter began the quest for the
                  | Orb.
     0 | D:1      | Reached XP level 1. HP: 15/15 MP: 1/1
   112 | D:1      | Reached skill level 3 in Unarmed Combat
   115 | D:1      | Gained mutation: You regenerate magic rapidly. [demonic
                  | ancestry]
   115 | D:1      | Reached XP level 2. HP: 18/21 MP: 2/2
   604 | D:1      | Gained mutation: You are partially covered in sharp spines.
                  | [demonic ancestry]
   604 | D:1      | Reached XP level 3. HP: 24/26 MP: 3/3
  1101 | D:2      | Reached skill level 2 in Fighting
  1264 | D:2      | Gained mutation: You have a small tail. [demonic ancestry]
  1264 | D:2      | Reached XP level 4. HP: 20/33 MP: 4/4
  1829 | D:3      | Reached skill level 4 in Unarmed Combat
  2179 | D:3      | Found a runed translucent door.
  2180 | D:3      | Noticed Crazy Yiuf
  2189 | D:3      | Killed Crazy Yiuf
  2190 | D:3      | Reached XP level 5. HP: 29/39 MP: 5/5
  2335 | D:4      | Noticed an ogre
  2348 | D:4      | Killed an ogre
  2446 | D:4      | Gained mutation: You are partially covered in rugged brown
                  | scales. (AC +1, +3% HP) [demonic ancestry]
  2446 | D:4      | Reached XP level 6. HP: 28/48 MP: 6/6
  2547 | D:4      | Found a staircase to the Ecumenical Temple.
  2563 | Temple   | Entered the Ecumenical Temple
  2578 | Temple   | Became a worshipper of Makhleb the Destroyer
  2656 | D:4      | Reached skill level 5 in Unarmed Combat
  2776 | D:4      | Noticed an air elemental
  2777 | D:4      | Found a stormy altar of Qazlal.
  2781 | D:4      | Noticed a water elemental
  2781 | D:4      | Noticed a fire elemental
  2814 | D:4      | Reached XP level 7. HP: 42/54 MP: 7/7
  2963 | D:4      | Found an iron altar of Okawaru.
  3077 | D:4      | Found a transporter.
  3077 | D:4      | Noticed Voda's ghost (amateur GrFi)
  3078 | D:4      | Found a transporter.
  3078 | D:4      | Identified the +3 dire flail of Wusof {drain, MP+9}
  3504 | D:5      | Entered Level 5 of the Dungeon
  3572 | D:5      | Found a glowing drain.
  3584 | Sewer    | Entered a sewer
  3658 | Sewer    | Reached * piety under Makhleb
  3928 | D:5      | Reached skill level 6 in Unarmed Combat
  4267 | D:5      | Reached skill level 1 in Invocations
  4281 | D:5      | Reached ** piety under Makhleb
  4716 | D:5      | Reached XP level 8. HP: 51/62 MP: 7/9
  4759 | D:6      | Noticed Blork the orc
  4762 | D:6      | Reached skill level 2 in Invocations
  4775 | D:6      | Killed Blork the orc
  4803 | D:6      | Reached skill level 7 in Unarmed Combat
  4862 | D:6      | Noticed Pikel
  4874 | D:6      | HP: 5/53 [orc priest/divine providence (12)]
  4883 | D:6      | Killed Pikel
  4884 | D:6      | Reached skill level 5 in Fighting
  4893 | D:6      | Reached skill level 5 in Shapeshifting
  4922 | D:6      | Reached XP level 9. HP: 51/70 MP: 12/12
  4963 | D:6      | Noticed Maggie
  4974 | D:6      | Killed Maggie
  4975 | D:6      | Reached skill level 8 in Unarmed Combat
  5294 | D:6      | Found a shadowy altar of Dithmenos.
  5398 | D:6      | Reached skill level 5 in Invocations
  5572 | D:7      | Paralysed by a hornet for 1 turns
  5854 | D:7      | Noticed Joseph
  5868 | D:7      | Killed Joseph
  5993 | D:7      | Reached skill level 9 in Unarmed Combat
  6750 | D:8      | Gained mutation: You have a tail ending in a sharp stinger.
                  | [demonic ancestry]
  6750 | D:8      | Reached XP level 10. HP: 72/79 MP: 14/14
  6825 | D:8      | Reached *** piety under Makhleb
  6928 | D:8      | Found an opulent altar of Gozag.
  7089 | D:8      | Found a shimmering altar of Xom.
  7535 | D:8      | Found a snail-covered altar of Cheibriados.
  7894 | D:9      | Reached skill level 10 in Unarmed Combat
  7894 | D:9      | HP: 12/81 [steam dragon] (7)]
  8157 | D:9      | Noticed Erolcha
  8183 | D:9      | Killed Erolcha
  8261 | D:9      | Reached **** piety under Makhleb
  8267 | Abyss:1  | Found a corrupted altar of Lugonu.
  8267 | Abyss:1  | Cast into level 1 of the Abyss (gnoll sergeant)
  8312 | Abyss:1  | Fell from the grace of Makhleb
  8312 | Abyss:1  | Became a worshipper of Lugonu the Unformed
  8312 | Abyss:1  | Reached * piety under Lugonu
  8312 | Abyss:1  | Reached ** piety under Lugonu
  8313 | D:9      | Escaped the Abyss
  8405 | D:9      | Noticed Psyche
  8412 | D:9      | Killed Psyche
  8568 | D:9      | Found a staircase to the Lair.
  8606 | D:10     | Entered Level 10 of the Dungeon
  8674 | D:10     | Reached XP level 11. HP: 63/88 MP: 17/17
  9039 | D:10     | Found Wotzatinn's Weapon Shop.
  9040 | D:10     | Found a staircase to the Orcish Mines.
  9041 | D:10     | Found Ynohyrez's Armour Shop.
  9669 | Lair:1   | Entered Level 1 of the Lair of Beasts
  9731 | Lair:1   | Reached skill level 11 in Unarmed Combat
  9878 | Lair:1   | Identified a scroll of acquirement
  9878 | Lair:1   | Acquired the +2 helmet of Wit Zamun {Int+5}
 10044 | Lair:1   | Banished a balrug
 10305 | Lair:1   | Reached *** piety under Lugonu
 10920 | Lair:2   | Noticed a lindwurm
 10956 | Lair:1   | HP: 4/89 [torpor snail (17)]
 11178 | Lair:1   | Reached skill level 10 in Invocations
 11314 | Lair:2   | Banished a balrug
 11383 | Lair:2   | Killed a lindwurm
 11384 | Lair:2   | Reached skill level 12 in Unarmed Combat
 11620 | Lair:2   | Reached XP level 12. HP: 97/97 MP: 19/19
 11637 | Lair:2   | Reached skill level 2 in Dodging
 11658 | Lair:2   | Reached skill level 1 in Armour
 11671 | Lair:2   | Reached **** piety under Lugonu
 11936 | Lair:2   | Noticed a five-headed hydra
 12003 | Lair:2   | Killed a five-headed hydra
 12004 | Lair:2   | Reached skill level 2 in Armour
 12358 | Lair:3   | Found a frozen archway.
 12363 | Lair:3   | Noticed an eight-headed hydra
 12370 | Lair:3   | Killed an eight-headed hydra
 12388 | Lair:3   | Noticed Prince Ribbit
 12395 | Lair:3   | Killed Prince Ribbit
 12426 | IceCv    | Entered an ice cave
 12482 | IceCv    | HP: 14/97 [ice devil (12)]
 12569 | IceCv    | Banished a cacodemon
 12674 | IceCv    | Reached skill level 13 in Unarmed Combat
 13109 | IceCv    | Noticed a reaper
 13119 | IceCv    | Killed a reaper
 13258 | Lair:3   | Noticed a four-headed hydra
 13266 | Lair:3   | Killed a four-headed hydra
 13431 | Lair:3   | Noticed Sonja
 13439 | Lair:3   | Killed Sonja
 13440 | Lair:3   | Gained mutation: You are mostly covered in rugged brown
                  | scales. (AC +2, +5% HP) [demonic ancestry]
 13440 | Lair:3   | Reached XP level 13. HP: 63/106 MP: 20/20
 13691 | Lair:3   | HP: 7/106 [cane toad (18)]
 13691 | Lair:3   | Succumbed to a cane toad's poison

Illustrated notes

Levels and vault maps discovered:
D:1:      psy_arrival_radial02, layout_rooms, minmay_tromino_v4_a
D:2:      layout_rooms
D:3:      layout_loops_cross, minmay_goblin_kobold_house,
          uniq_crazy_yiuf_cottage
D:4:      layout_layer_cave, nicolae_qazlal_style_of_elements,
          kennysheep_okawaru_gauntlet, minmay_temple_entry_drinking_statues,
          gammafunk_ghost_smash
D:5:      layout_gridville, lemuel_coloured_pillars_altar,
          lightli_sewer_entry_pipes
D:6:      layout_loops_cross, kennysheep_mini_moat, chequers_arboretum,
          serial_park_tiny_pond, hangedman_abyss_or_decor_stabs, uniq_maggie,
          uniq_pikel, uniq_blork_the_orc
D:7:      layout_layer_cave, minmay_hedge_maze, minmay_manual_mess, uniq_joseph
D:8:      minmay_s_stair_smasher, layout_loops_corners,
          mainiacjoe_overflow_chevrons, amcnicky_altar_gilded, slow_altar_1
D:9:      layout_rooms, lair_entry_dummy, uniq_erolcha, uniq_psyche
D:10:     layout_loops_corners, orc_david_3, nrook_loot_triangle
Temple:   nicolae_temple_bog_church
Lair:1:   layout_cellular_growth, beast_lair_carwin_2
Lair:2:   layout_regular_city, grunt_megastairs_2, lemuel_fruit_tree,
          infiniplex_staircase_pool_2
Lair:3:   beast_lair_carwin_large_1, layout_layer_cave,
          nicolae_swamp_entry_splash_gauntlet, spider_nest_entry_rubble,
          portal_ice_cave_entry_pillars_2, roderic_carrion_pond,
          serial_bayou_shore_a, uniq_sonja, uniq_prince_ribbit2

Skill      XL: |  1  2  3  4  5  6  7  8  9 10 11 12 |
---------------+-------------------------------------+-----
Unarmed Combat | 3 4 5 6 7 9 10 12 13 | 13.6
Shapeshifting  | 3 4 5 6 7 8 |  8.5
Fighting       | 2 3 4 5 6 7 9 |  9.1
Invocations    | 1 4 6 8 10 | 10.3
Dodging        | 4 |  4.8
Armour         | 4 |  4.3

Action                     |  1- 3 |  4- 6 |  7- 9 | 10-12 | 13-15 || total
---------------------------+-------+-------+-------+-------+-------++-------
  Melee: Unarmed           |   123 |   110 |   342 |   725 |    47 ||  1347
         Punch             |     2 |       |       |     1 |       ||     3
         Tailslap          |       |    16 |    53 |   150 |    10 ||   229
 Invoke: Minor Destruction |       |       |     2 |       |       ||     2
         Lesser Servant of |       |       |       |     1 |       ||     1
         Depart the Abyss  |       |       |       |     1 |       ||     1
Ability: Begin Untransform |     1 |     1 |       |       |       ||     2
  Evoke: Wand              |       |       |       |     1 |       ||     1
    Use: Scroll            |       |       |    14 |    10 |       ||    24
         Potion            |       |       |     1 |     1 |       ||     2
   Stab: Sleeping          |     3 |     1 |       |       |       ||     4
 Armour: Animal skin       |    15 |       |       |       |       ||    15
         Ring mail         |       |    26 |    68 |   226 |       ||   320
         Skin              |       |       |     1 |     1 |       ||     2
         Acid dragon scale |       |       |    21 |       |       ||    21
         Leather armour    |       |       |       |    55 |    17 ||    72
  Dodge: Dodged            |    68 |    53 |   145 |   371 |    29 ||   666
   Form: Beast             |     1 |       |       |       |       ||     1
         Flux              |       |     1 |       |       |       ||     1

Table legend: (Time is in decaauts)
 A = Elapsed time spent in this place.
 B = Non-inter-level travel time spent in this place.
 C = Inter-level travel time spent in this place.
 D = Time resting spent in this place.
 E = Time spent auto-exploring this place.
 F = Levels seen in this place.
 G = Mean time per level.
                   A        B        C        D        E       F      G
               +--------+--------+--------+--------+--------+-----+--------+
         Total |  13629 |  12881 |    748 |    828 |   9093 |  17 |  801.7 |
       Dungeon |   9333 |   8813 |    520 |    274 |   6727 |  10 |  933.3 |
        Temple |     30 |      1 |     29 |      0 |      0 |   1 |   30.0 |
          Lair |   3082 |   2883 |    199 |    325 |   1853 |   3 | 1027.3 |
         Abyss |     45 |     45 |      0 |     20 |      0 |   1 |   45.0 |
         Sewer |    368 |    368 |      0 |      0 |    205 |   1 |  368.0 |
      Ice Cave |    769 |    769 |      0 |    209 |    307 |   1 |  769.0 |
               +--------+--------+--------+--------+--------+-----+--------+

Top non-repeatable levels by time:
  Lair:1: 1530 daAuts
     D:7: 1301 daAuts
     D:8: 1253 daAuts
     D:4: 1179 daAuts
    D:10: 1010 daAuts
  Lair:2: 1001 daAuts
     D:5: 912 daAuts
     D:2: 843 daAuts
   IceCv: 769 daAuts
     D:1: 744 daAuts
     D:3: 715 daAuts
     D:6: 702 daAuts
     D:9: 671 daAuts
  Lair:3: 550 daAuts
   Sewer: 368 daAuts
